 Dungeon Crawl Stone Soup version 0.31-a0-256-g80acddb972 (webtiles) character file.

Game seed: 5015613350263851607

20 Morbidden the Trooper (level 2, 24/24 HPs)
             Began as a Demonspawn Fighter on July 13, 2023.
             Was a Follower of Okawaru.
             Quit the game on level 2 of the Dungeon.
             The game lasted 00:00:49 (589 turns).

Morbidden the Trooper (Demonspawn Fighter)           Turns: 589, Time: 00:00:50

Health: 24/24      AC:  6    Str: 16    XL:     2   Next: 58%
Magic:  2/2        EV:  9    Int:  9    God:    Okawaru [*.....]
Gold:   116        SH:  4    Dex: 12    Spells: 1/1 levels left

rFire   . . .        a - +0 war axe
rCold   . . .        c - +0 buckler
rNeg    . . .        b - +0 scale mail
rPois   .            (no helmet)
rElec   .            (no cloak)
rCorr   .            (no gloves)
SInv    .            (no boots)
Will    .....        (no amulet) Stlth
                     (no ring)
HPRegen 0.24/turn    (no ring)
MPRegen 0.08/turn

%: no passive effects
@: no status effects
A: (demonic guardian 1)
a: Renounce Religion, Heroism


You were on level 2 of the Dungeon.
You worshipped Okawaru.
Okawaru was aware of your devotion.
You visited 1 branch of the dungeon, and saw 2 of its levels.

You collected 116 gold pieces.

Inventory:

Hand Weapons
 a - a +0 war axe (weapon)
Missiles
 e - 17 stones
Armour
 b - a +0 scale mail (worn)
 c - a +0 buckler (worn)
Scrolls
 h - a scroll of fog {unknown}
Potions
 d - a potion of might
 f - a potion of curing {unknown}
 g - a potion of lignification {unknown}
 i - a potion of heal wounds {unknown}


   Skills:
 * Level 3.1 Fighting
 * Level 2.2 Axes
 * Level 2.8 Armour
 * Level 0.3 Dodging
 * Level 2.9 Shields
 * Level 0.4 Spellcasting


You had one spell level left.
You didn't know any spells.
Your spell library was empty.

Dungeon Overview and Level Annotations

Branches:
Dungeon (2/15)

Altars:
Okawaru


Innate Abilities, Weirdness & Mutations

((A weak demonic guardian rushes to your aid.))


Message History

The kobold hits you but does no damage.
Unknown command.
A kobold is nearby!
You hit the kobold.
You kill the kobold!
Okawaru accepts your kill.
No target in view!
Unknown command.
i - a clear potion Unknown command.
Found a stone staircase leading up.
No target in view!
Unknown command.
No target in view!
Key pressed, stopping explore.
Unknown command.
No target in view!
There is a stone staircase leading up here.
A quokka comes into view.
Found 5 gold pieces.
Unknown command.
A quokka is nearby!
You hit the quokka.
You kill the quokka!
Okawaru accepts your kill.
No target in view!
No target in view!
No target in view!
No target in view!
No target in view!
No target in view!
No target in view!
No target in view!
No target in view!
No target in view!
Unknown command.
Are you sure you want to abandon this character and quit the game? (Confirm with "yes".)
Okay, then.
Unknown command.
Are you sure you want to abandon this character and quit the game? (Confirm with "yes".)

<................>....
#####.....###########
##.....# #<...###
#.#### #.# #.# #.# #@#
#.# #.# #.# #.# ..#
$.# ...


There were no monsters in sight!

Vanquished Creatures
  2 endoplasms
  2 giant cockroaches (D:1)
  3 hobgoblins (D:1)
  2 kobolds
  4 quokkas
  A ball python (D:1)
  A bat (D:1)
  2 frilled lizards (D:1)
17 creatures vanquished.

Notes
Turn   | Place    | Note
-------+----------+-------------------------------------------
     0 | D:1      | Morbidden the Demonspawn Fighter began the quest for the
                  | Orb.
     0 | D:1      | Reached XP level 1. HP: 18/18 MP: 1/1
   108 | D:1      | Gained mutation: A weak demonic guardian rushes to your
                  | aid. [demonic ancestry]
   108 | D:1      | Reached XP level 2. HP: 22/24 MP: 2/2
   500 | D:2      | Found a faded altar of an unknown god.
   505 | D:2      | Prayed at the altar of an unknown god.
   505 | D:2      | Became a worshipper of Warmaster Okawaru
   505 | D:2      | Reached * piety under Okawaru
   589 | D:2      | Quit the game

Illustrated notes

Levels and vault maps discovered:
D:1:      dpeg_arrival_pond, layout_rooms, minmay_misc_feat_rows
D:2:      layout_loops_ring, hellmonk_ecumenical_altar_slurped_away

Skill      XL: |  1  2 |
---------------+-------+-----
Axes           | 2 |  2.2
Fighting       | |  3.1
Armour         | |  2.8
Dodging        | |  0.3
Shields        | |  2.9
Spellcasting   | |  0.4

Action                     || total
---------------------------++-------
  Melee: War axe           ||    67
 Armour: Scale mail        ||    41
  Dodge: Dodged            ||    29
  Block: Buckler           ||    16

Table legend: (Time is in decaauts)
 A = Elapsed time spent in this place.
 B = Non-inter-level travel time spent in this place.
 C = Inter-level travel time spent in this place.
 D = Time resting spent in this place.
 E = Time spent auto-exploring this place.
 F = Levels seen in this place.
 G = Mean time per level.
                   A        B        C        D        E       F      G
               +--------+--------+--------+--------+--------+-----+--------+
         Total |    618 |    609 |      9 |      0 |    441 |   2 |  309.0 |
       Dungeon |    618 |    609 |      9 |      0 |    441 |   2 |  309.0 |
               +--------+--------+--------+--------+--------+-----+--------+

Top non-repeatable levels by time:
     D:1: 528 daAuts
     D:2: 90 daAuts
